 Dungeon Crawl Stone Soup version 0.30-a0-451-ge042605de7 (webtiles) character file.

Game seed: 2425939814511368102

7505 cforsyth the Fighter (level 10, -3/141 HPs)
             Began as a Minotaur Berserker on Dec 11, 2022.
             Was an Elder of Trog.
             Slain by a two-headed ogre
             ... wielding a +0 dire flail
              (24 damage)
             ... on level 10 of the Dungeon.
             The game lasted 00:13:31 (10543 turns).

cforsyth the Fighter (Minotaur Berserker)          Turns: 10543, Time: 00:13:32

Health: -3/141     AC:  9    Str: 25    XL:     10   Next: 95%
Magic:  9/9        EV: 13    Int:  6    God:    Trog [****..]
Gold:   736        SH:  0    Dex:  7    Spells: 9/9 levels left

rFire   + + .      SeeInvis .    w - +0 battleaxe
rCold   . . .      Faith    .    (shield currently unavailable)
rNeg    . . .      Spirit   .    l - +0 ring mail
rPois   +          Reflect  .    h - +2 hat "Netoesoid" {+Inv rPois rF++ Dex-2}
rElec   .          Harm     .    (no cloak)
rCorr   +          Rampage  .    (no gloves)
Will    .....                    (no boots)
Stlth   ..........               (no amulet)
HPRegen 0.43/turn                g - ring of poison resistance
MPRegen 0.11/turn                r - ring of resist corrosion

@: berserking, very quick
A: horns 2, retaliatory headbutt
a: Renounce Religion, Evoke Invisibility, Berserk, Trog's Hand, Brothers in Arms


You were on level 10 of the Dungeon.
You worshipped Trog.
Trog was greatly pleased with you.
You visited 1 branch of the dungeon, and saw 10 of its levels.
You also visited: Sewer.

You collected 736 gold pieces.

Inventory:

Hand Weapons
 w - a +0 battleaxe (weapon)
 F - a +0 war axe of flaming
Armour
 h - the +2 hat "Netoesoid" (worn) {+Inv rPois rF++ Dex-2}
   (You acquired it on level 4 of the Dungeon)

   Dex:       It affects your dexterity (-2).
   rF:        It greatly protects you from fire.
   rPois:     It protects you from poison.
   +Inv:      It lets you turn invisible.
 l - a +0 ring mail (worn)
Jewellery
 a - a ring of flight
 g - a ring of poison resistance (left hand)
 q - a +6 ring of dexterity
 r - a ring of resist corrosion (right hand)
 v - a ring of willpower
 E - a ring of see invisible
Wands
 t - a wand of charming (29)
 y - a wand of mindburst (14)
 D - a wand of roots (20)
Scrolls
 c - 6 scrolls of teleportation
 i - a scroll of fog {unknown}
 m - 15 scrolls of identify {unknown}
 o - 3 scrolls of vulnerability {unknown}
 p - 3 scrolls of noise {unknown}
 A - 3 scrolls of enchant weapon
 B - a scroll of poison {unknown}
 H - a scroll of summoning {unknown}
 I - a scroll of magic mapping {unknown}
 J - a scroll of fear {unknown}
Potions
 b - 3 potions of berserk rage
 d - a potion of attraction {unknown}
 e - 3 potions of lignification {unknown}
 f - 3 potions of heal wounds {unknown}
 j - 4 potions of flight {unknown}
 k - a potion of cancellation {unknown}
 n - 2 potions of haste
 s - 2 potions of invisibility {unknown}
 u - 2 potions of brilliance {unknown}
 x - 3 potions of magic {unknown}
 z - 4 potions of curing {unknown}
 C - 2 potions of mutation {unknown}
 G - a potion of might


   Skills:
 + Level 10.8 Fighting
 + Level 10.8 Axes
 + Level 10.4 Armour
 + Level 9.6 Dodging


You had 9 spell levels left.
You didn't know any spells.
Your spell library was empty.

Dungeon Overview and Level Annotations

Branches:
Dungeon (10/15)            Temple (0/1) D:6             Orc (0/2) D:10
  Sewer (visited)
   Lair: D:8-11

Altars:
Dithmenos
Fedhas
Gozag
Hepliaklqana
Kikubaaqudgha
Nemelex Xobeh
Trog
Uskayaw
Xom
Zin

Shops:
D:1 *

Annotations:
D:8 1 runed translucent door


Innate Abilities, Weirdness & Mutations

You have a pair of horns on your head.
You reflexively headbutt those who attack you in melee.


Message History

Unknown command.
Unknown command.
Unknown command.
A red film seems to cover your vision as you go berserk!
You feel yourself moving faster!
You feel mighty!
The yak gores you but does no damage. x2; The yak closely misses you.
You slice the yak!!
You kill the yak!
Trog accepts your kill.
You slice the yak!!
You kill the yak!
Trog accepts your kill.
You slice the yak!! The yak gores you!
* * * LOW HITPOINT WARNING * * *
Unknown command.
You slice the yak!!
You feel the power of Trog in you as your rage grows.
You kill the yak!
Trog accepts your kill.
Unknown command.
The two-headed ogre closely misses you. You furiously retaliate!
You headbutt the two-headed ogre!
The two-headed ogre hits you with a +0 giant spiked club!
* * * LOW HITPOINT WARNING * * *
You slash the two-headed ogre!
Your headbutt misses the two-headed ogre.
The two-headed ogre is moderately wounded.
Unknown command.
You slice the two-headed ogre!!
Your headbutt misses the two-headed ogre.
The two-headed ogre is severely wounded.
The two-headed ogre misses you. The two-headed ogre barely misses you.
Unknown command.
You hit the two-headed ogre.
The two-headed ogre is almost dead.
Unknown command.
You barely miss the two-headed ogre.
The two-headed ogre is almost dead.
The two-headed ogre hits you with a +0 dire flail!!
You die...

#... #.. #...
#... # #...
#...# .# #...
#...# ..# ....
#####
#...#####..#
..... #...#
#..........###
#...#
#.....†.......
#...#
#....@O......
#...#
#...†........
#...#
#..####....##
#...# #..#
....# #...#
#..# ...#
####...#####..#
...#
..............#
..#
###############
###


You could see a two-headed ogre.

Vanquished Creatures
  2 two-headed ogres
  Pikel (D:7)
  A troll (D:10)
  A hornet (D:9)
  2 wyverns
  2 wraiths
  Eustachio (D:4)
  5 yaks (D:10)
  Menkaure (D:7)
  2 water moccasins
  A swamp drake (D:10)
  Pargi (Sewer)
  An ice beast (D:8)
  4 orc warriors
  A sky beast (D:7)
  A black bear (D:4)
  3 centaurs
  A kobold brigand (D:9)
  2 lemures (D:7)
  3 bullfrogs
  2 necrophages
  2 scorpions
  17 wights
  3 killer bees (D:7)
  2 howler monkeys (D:9)
  4 hounds
  A jelly (D:5)
  5 orc priests
  A gnoll bouda (D:7)
  2 iguanas
  Natasha (thrice) (D:3)
  13 orc wizards
  13 gnolls
  6 adders
  A shadow imp (D:6)
  An ufetubus (D:5)
  2 worms
  10 dart slugs
  32 orcs
  6 ball pythons
  8 bats
  5 endoplasms
  5 giant cockroaches
  5 goblins
  3 hobgoblins
  4 jackals
  3 quokkas
  A frilled lizard (D:1)
  9 kobolds
  5 rats
  A spectral kobold (D:9)
211 creatures vanquished.

Notes
Turn   | Place    | Note
-------+----------+-------------------------------------------
     0 | D:1      | cforsyth the Minotaur Berserker began the quest for the
                  | Orb.
     0 | D:1      | Reached XP level 1. HP: 19/19 MP: 0/0
   139 | D:1      | Reached XP level 2. HP: 19/27 MP: 1/1
   431 | D:1      | Found Ymupteyh's Assorted Antiques.
   635 | D:2      | Reached XP level 3. HP: 27/33 MP: 2/2
  1826 | D:3      | Reached XP level 4. HP: 22/41 MP: 3/3
  2028 | D:3      | Noticed Natasha
  2039 | D:3      | Killed Natasha
  2039 | D:3      | Reached ** piety under Trog
  2040 | D:3      | Reached XP level 5. HP: 25/47 MP: 4/4
  2347 | D:3      | Reached skill level 5 in Axes
  2350 | D:3      | Reached skill level 5 in Fighting
  2360 | D:3      | Reached XP level 6. HP: 31/56 MP: 5/5
  2507 | D:3      | Noticed Natasha
  2514 | D:3      | Killed Natasha
  2518 | D:3      | Noticed Natasha
  2523 | D:3      | Killed Natasha
  3009 | D:4      | Identified a scroll of acquirement
  3009 | D:4      | Acquired the +2 hat "Netoesoid" {+Inv rPois rF++ Dex-2}
  3158 | D:4      | Found a hide-covered altar of Uskayaw.
  3205 | D:4      | Found a glowing drain.
  3227 | Sewer    | Entered a sewer
  3282 | Sewer    | Noticed Pargi
  3297 | Sewer    | Killed Pargi
  3298 | Sewer    | Reached skill level 5 in Armour
  3298 | Sewer    | Reached XP level 7. HP: 62/62 MP: 6/6
  3632 | D:4      | Noticed Eustachio
  3883 | D:4      | Killed Eustachio
  3884 | D:4      | Reached skill level 5 in Dodging
  4021 | D:5      | Entered Level 5 of the Dungeon
  4678 | D:6      | Found a staircase to the Ecumenical Temple.
  4729 | D:6      | Reached XP level 8. HP: 42/71 MP: 7/7
  5306 | D:6      | Reached *** piety under Trog
  5909 | D:7      | Noticed Menkaure
  6223 | D:7      | Killed Menkaure
  6406 | D:7      | Reached XP level 9. HP: 32/81 MP: 8/8
  6696 | D:7      | Noticed Pikel
  6706 | D:7      | Killed Pikel
  7691 | D:8      | Found an ancient bone altar of Kikubaaqudgha.
  7701 | D:8      | Found a bloodstained altar of Trog.
  7707 | D:8      | Found an opulent altar of Gozag.
  7718 | D:8      | Found a sparkling altar of Nemelex Xobeh.
  7725 | D:8      | Found a shadowy altar of Dithmenos.
  7731 | D:8      | Found a glowing silver altar of Zin.
  7738 | D:8      | Found a blossoming altar of Fedhas.
  7893 | D:8      | Found a shimmering altar of Xom.
  8111 | D:8      | Noticed a centaur warrior
  8111 | D:8      | Noticed a manticore
  8112 | D:8      | Found a runed translucent door.
  8114 | D:8      | Noticed a yaktaur
  8114 | D:8      | Noticed a boulder beetle
  8114 | D:8      | Noticed a manticore
  8114 | D:8      | Noticed a deep elf pyromancer
  8474 | D:9      | Reached XP level 10. HP: 74/91 MP: 9/9
  8659 | D:9      | Reached **** piety under Trog
  9173 | D:9      | Found a hazy altar of Hepliaklqana.
  9202 | D:9      | Noticed a two-headed ogre
  9210 | D:9      | Killed a two-headed ogre
  9211 | D:9      | Reached skill level 10 in Fighting
  9211 | D:9      | Reached skill level 10 in Axes
  9490 | D:10     | Entered Level 10 of the Dungeon
  9613 | D:10     | Noticed a two-headed ogre
  9622 | D:10     | Killed a two-headed ogre
  9623 | D:10     | Reached skill level 10 in Armour
 10014 | D:10     | Found a staircase to the Orcish Mines.
 10533 | D:10     | Noticed a two-headed ogre
 10543 | D:10     | Slain by a two-headed ogre

Illustrated notes

Levels and vault maps discovered:
D:1:      minmay_arrival_radiant_lines, layout_basic, serial_shops,
          nicolae_square_shop, minmay_tetromino_t4
D:2:      layout_loops_corners, kennysheep_path_1
D:3:      kennysheep_slugbush, layout_basic, uniq_natasha
D:4:      layout_gridville, nicolae_uskayaw_suspiria,
          cheibrodos_sewer_entry_bend, nicolae_concentric_dashed_squares_wild,
          uniq_eustachio
D:5:      layout_loops_ring, item_on_display_a
D:6:      layout_basic, minmay_temple_entry_large_hall, roderic_serpentine_path,
          st_stairs_3, kennysheep_doodads
D:7:      layout_cave_pools, uniq_pikel, uniq_menkaure
D:8:      minmay_gate_of_8, layout_loops_ring,
          mainiacjoe_overflow_surrounded_room, grunt_temple_overflow_octagram
D:9:      layout_roguey, nicolae_hepliaklqana_monster_ancestors,
          grunt_ministairs_1, minmay_misc_feat_secret_circle
D:10:     layout_small_grid, tgw_sif, erik_orc_1

Skill      XL: |  1  2  3  4  5  6  7  8  9 10 |
---------------+-------------------------------+-----
Axes           | 4 5 6 7 9 10 | 10.8
Fighting       | 4 5 6 7 9 10 | 10.8
Armour         | 3 4 5 6 7 9 10 | 10.4
Dodging        | 3 4 5 6 8 9 |  9.6

Action                   |  1- 3 |  4- 6 |  7- 9 | 10-12 || total
-------------------------+-------+-------+-------+-------++-------
Melee: Hand axe          |    73 |   118 |    76 |       ||   267
       Headbutt          |     9 |     6 |    37 |    23 ||    75
       Punch             |     1 |     1 |     1 |       ||     3
       Battleaxe         |       |       |   138 |   104 ||   242
Invok: Berserk           |       |     3 |     6 |     4 ||    13
       Trog's Hand       |       |       |       |     1 ||     1
  Use: Scroll            |       |     5 |       |       ||     5
 Stab: Sleeping          |     1 |       |       |       ||     1
       Confused          |       |       |       |     1 ||     1
Armor: Animal skin       |    10 |    28 |       |       ||    38
       Ring mail         |       |     5 |    94 |    47 ||   146
Dodge: Dodged            |    61 |    85 |   203 |    73 ||   422

Table legend: (Time is in decaauts)
 A = Elapsed time spent in this place.
 B = Non-inter-level travel time spent in this place.
 C = Inter-level travel time spent in this place.
 D = Time resting spent in this place.
 E = Time spent auto-exploring this place.
 F = Levels seen in this place.
 G = Mean time per level.
                   A        B        C        D        E       F      G
               +--------+--------+--------+--------+--------+-----+--------+
         Total |  10761 |  10567 |    194 |   1681 |   7340 |  11 |  978.3 |
       Dungeon |  10589 |  10395 |    194 |   1628 |   7278 |  10 | 1058.9 |
         Sewer |    171 |    171 |      0 |     53 |     62 |   1 |  171.0 |
               +--------+--------+--------+--------+--------+-----+--------+

Top non-repeatable levels by time:
     D:6: 1586 daAuts
     D:3: 1491 daAuts
     D:8: 1169 daAuts
     D:9: 1164 daAuts
     D:2: 1155 daAuts
    D:10: 1091 daAuts
     D:7: 1054 daAuts
     D:4: 674 daAuts
     D:5: 611 daAuts
     D:1: 588 daAuts
   Sewer: 171 daAuts
